 Dungeon Crawl Stone Soup version 0.31-a0-609-g7bf6ffcfed (webtiles) character file.

Game seed: 14249668322637919431

252 Shayle the Trooper (level 6, 0/63 HPs)
             Began as an Ogre Shapeshifter on Aug 21, 2023.
             Slain by an iguana (2 damage)
             ... on level 4 of the Dungeon.
             The game lasted 00:08:08 (3089 turns).

Shayle the Trooper (Ogre Shapeshifter)              Turns: 3089, Time: 00:08:08

Health: 0/63       AC:  3    Str: 20    XL:     6   Next: 14%
Magic:  11/11      EV: 14    Int: 11    God:
Gold:   163        SH:  0    Dex:  9    Spells: 11/11 levels left

rFire   . . .        h - +2 dagger (drain)
rCold   . . .        (no shield)
rNeg    . . .        a - +0 animal skin
rPois   .            (helmet currently unavailable)
rElec   .            (cloak currently unavailable)
rCorr   .            (gloves unavailable)
SInv    .            (boots unavailable)
Will    .....        (no amulet)
Stlth   +            m - +5 ring of evasion
HPRegen 0.30/turn    (no ring)
MPRegen 0.12/turn

%: no passive effects
@: about to teleport, beast-form
A: beast (slay +2), large, unfitting armour, tough skin 1
a: Begin Untransformation


You were on level 4 of the Dungeon.
You were a hulking beast.
You visited 1 branch of the dungeon, and saw 4 of its levels.

You collected 163 gold pieces.

Inventory:

Hand Weapons
 b - a +1 hand axe of venom
 h - a +2 dagger of draining (weapon)
Armour
 a - a +0 animal skin (worn)
Jewellery
 m - a +5 ring of evasion (left hand)
Talismans
 c - a beast talisman (active)
 d - a flux talisman
Scrolls
 j - a scroll of brand weapon {unknown}
 l - a scroll of enchant armour {unknown}
 n - a scroll of revelation {unknown}
 p - a scroll of teleportation
Potions
 e - 2 potions of brilliance
 o - a potion of cancellation {unknown}


   Skills:
 + Level 4.7 Fighting
 - Level 1.7 Dodging
 + Level 4.1 Unarmed Combat
 + Level 3.3 Spellcasting
 - Level 3.0 Shapeshifting


You had 11 spell levels left.
You didn't know any spells.
Your spell library contained the following spells:

 Spells                   Type           Power      Damage    Failure   Level
 Tukima's Dance           Hex            1%         N/A       58%         3
 Passage of Golubria      Tloc           1%         N/A       94%         4
 Yara's Violent Unravell  Hex/Tmut       0%         3d3       100%        5


Dungeon Overview and Level Annotations

Branches:
Dungeon (4/15)
 Temple: D:4-7

Altars:

Shops:
D:3 (

Annotations:
D:2 1 runed translucent door, Crazy Yiuf


Innate Abilities, Weirdness & Mutations

You are a hulking beast.
Your limbs bulge with bestial killing power. (Slay +2)
You are too large for most types of armour.
You have tough skin. (AC +1)


Message History

You feel better. The iguana bites you. The gnoll closely misses you.
The orc is attracted toward you. Something is attracted toward you.
The orc is attracted toward you. The gnoll is attracted toward you. x2
You closely miss the iguana.
The iguana is severely wounded.
The gnoll is no longer moving quickly.
The iguana bites you. The gnoll barely misses you.
The orc is attracted toward you. The gnoll is attracted toward you.
Something is attracted toward you. The orc is attracted toward you.
The gnoll is attracted toward you.
You feel less attractive to monsters.
Okay, then.
As you read the scroll of fear, it crumbles to dust.
You assume a fearsome visage.
The iguana looks frightened!
The gnoll looks frightened!
The orc looks frightened!
You hit the iguana but do no damage.
Your attack snaps the iguana out of its fear.
The iguana is severely wounded.
The gnoll is no longer moving quickly.
The iguana bites you. Something barely misses you.
Items here: $ )))))))))) [[[[[ †††††.
You closely miss something. The iguana bites you.
* * * LOW HITPOINT WARNING * * *
Something hits you.
* * * LOW HITPOINT WARNING * * *
You hit the iguana.
The iguana is almost dead.
The iguana closely misses you. Something hits you.
* * * LOW HITPOINT WARNING * * *
You barely miss the iguana.
The iguana is almost dead.
The iguana bites you.
* * * LOW HITPOINT WARNING * * *
Something hits you.
* * * LOW HITPOINT WARNING * * *
Unknown command.
Okay, then.
As you read the scroll labelled NUIKKETUFF, it crumbles to dust.
You feel strangely unstable.
It was a scroll of teleportation.
The iguana bites you.
You die...

o....>.......#....#..
....o....g##..g)#...
.......###........
#o....##....$....
##...#............
#....#............
#...#.#..<....$....
...g..#.{l#..........
......###h####........
..##.# #.# ##...##.. .
.# ### #.## .# .# . .g
#. ..


You could see an iguana (very drained), 2 gnolls and 2 orcs.

Vanquished Creatures
  Blork the orc (D:4)
  A gnoll bouda (D:4)
  Terence (D:2)
  6 adders
  A worm (D:2)
  4 dart slugs
  9 orcs
  3 endoplasms
  3 goblins
  5 hobgoblins
  4 jackals (D:3)
  2 quokkas
  4 ball pythons
  8 bats
  2 frilled lizards (D:1)
  3 kobolds
  12 rats
69 creatures vanquished.

Notes
Turn   | Place    | Note
-------+----------+-------------------------------------------
     0 | D:1      | Shayle the Ogre Shapeshifter began the quest for the Orb.
     0 | D:1      | Reached XP level 1. HP: 19/19 MP: 1/1
   439 | D:1      | Reached XP level 2. HP: 18/26 MP: 1/3
   827 | D:1      | Reached skill level 1 in Spellcasting
   928 | D:2      | Found a runed translucent door.
   929 | D:2      | Noticed Crazy Yiuf
  1090 | D:2      | Reached XP level 3. HP: 25/36 MP: 4/4
  1136 | D:2      | Noticed Terence
  1151 | D:2      | Killed Terence
  1323 | D:2      | Reached XP level 4. HP: 27/45 MP: 5/7
  2335 | D:3      | Reached XP level 5. HP: 46/54 MP: 8/8
  2643 | D:3      | Found Laesch's Weapon Shoppe.
  3035 | D:4      | Noticed Blork the orc
  3048 | D:4      | Killed Blork the orc
  3059 | D:4      | Reached XP level 6. HP: 30/63 MP: 10/10
  3088 | D:4      | HP: 2/63 [something (2)]
  3089 | D:4      | Slain by an iguana

Illustrated notes

Levels and vault maps discovered:
D:1:      evilmike_arrival_plus, layout_loops_corners
D:2:      layout_loops_ring, kennysheep_donut, chequers_big_river,
          chequers_serial_rivers_large_b, minivault_23, uniq_terence,
          uniq_crazy_yiuf_cottage
D:3:      layout_loops_ring, serial_glass, glass_columns_c, glass_columns_a,
          feat_on_display, due_unseen_surprise, item_on_display_a,
          feat_on_display, serial_shops, shop
D:4:      layout_cave_pools, enter_ossuary_2, minmay_divided_ellipse,
          uniq_blork_the_orc

Skill      XL: |  1  2  3  4  5 |
---------------+----------------+-----
Fighting       | 2 3 4 |  4.7
Spellcasting   | 1 2 3 |  3.3
Unarmed Combat | 3 4 |  4.1
Dodging        | |  1.7
Shapeshifting  | |  3.0

Action                     |  1- 3 |  4- 6 || total
---------------------------+-------+-------++-------
  Melee: Unarmed           |    19 |       ||    19
         Dagger            |    64 |   166 ||   230
         Punch             |       |     1 ||     1
    Use: Potion            |     3 |     3 ||     6
         Scroll            |       |     3 ||     3
   Stab: Sleeping          |     2 |       ||     2
 Armour: Animal skin       |    25 |    21 ||    46
         Skin              |    19 |       ||    19
  Dodge: Dodged            |    39 |   105 ||   144

Table legend: (Time is in decaauts)
 A = Elapsed time spent in this place.
 B = Non-inter-level travel time spent in this place.
 C = Inter-level travel time spent in this place.
 D = Time resting spent in this place.
 E = Time spent auto-exploring this place.
 F = Levels seen in this place.
 G = Mean time per level.
                   A        B        C        D        E       F      G
               +--------+--------+--------+--------+--------+-----+--------+
         Total |   3086 |   2974 |    112 |     85 |   2218 |   4 |  771.5 |
       Dungeon |   3086 |   2974 |    112 |     85 |   2218 |   4 |  771.5 |
               +--------+--------+--------+--------+--------+-----+--------+

Top non-repeatable levels by time:
     D:2: 1277 daAuts
     D:1: 904 daAuts
     D:3: 791 daAuts
     D:4: 113 daAuts
